 Dungeon Crawl Stone Soup version 0.27.0-66-gdc8fb28755 (webtiles) character file.

Game seed: 10031376211662680085

42 garrulousMonolith the Skirmisher (level 3, -4/26 HPs)
             Began as an Octopode Fighter on Aug 21, 2021.
             Slain by an orc wizard (5 damage)
             ... on level 2 of the Dungeon.
             The game lasted 00:01:43 (711 turns).

garrulousMonolith the Skirmisher (Octopode Fighter)  Turns: 711, Time: 00:01:43

Health: -4/26      AC:  1    Str: 15    XL:     3   Next: 56%
Magic:  3/3        EV: 11    Int: 10    God:
Gold:   16         SH:  8    Dex: 12    Spells: 2/2 levels left

rFire    . . .     SeeInvis .   a - +0 trident
rCold    . . .     Faith    .   b - +0 kite shield
rNeg     . . .     Spirit   .   (helmet restricted)
rPois    .         Reflect  .   (no amulet)
rElec    .         Harm     .   (no ring)
rCorr    .         Rampage  .   (no ring)
Will     .....                  (no ring)
Stlth    +++.......             (no ring)
HPRegen  0.08/turn              (no ring)
MPRegen  0.08/turn              (no ring)
                                (no ring)
                                (no ring)

@: mighty, flying
A: almost no armour, amphibious, 8 rings, camouflage 1, gelatinous body 1,
(nimble swimmer 1), tentacles
a: no special abilities


You were on level 2 of the Dungeon.
You visited 1 branch of the dungeon, and saw 2 of its levels.

You collected 16 gold pieces.

Inventory:

Hand Weapons
 a - a +0 trident (weapon)
 i - a +0 hunting sling
Missiles
 j - 6 poisoned darts (quivered)
Armour
 b - a +0 kite shield (worn)
Scrolls
 e - a scroll of fog {unknown}
 g - a scroll of amnesia {unknown}
Potions
 d - a potion of lignification
 h - a potion of curing {unknown}


   Skills:
 + Level 3.3 Fighting
 * Level 2.6 Polearms
 + Level 3.2 Dodging
 + Level 1.5 Stealth
 + Level 3.2 Shields


You had 2 spell levels left.
You didn't know any spells.
Your spell library was empty.

Dungeon Overview and Level Annotations

Branches:
Dungeon (2/15)

Altars:


Innate Abilities, Weirdness & Mutations

You cannot wear most types of armour.
You are amphibious.
You can wear up to eight rings at the same time.
Your skin changes colour to match your surroundings (Stealth+).
Your rubbery body absorbs attacks. (AC +1, EV +1)
((You are camouflaged near water. (Stealth+)))
You have tentacles for arms and can constrict up to eight enemies at once.


Message History

* * * LOW HITPOINT WARNING * * *
You cannot move. (Use ctrl+direction or * direction to attack without moving.)
You cannot move. (Use ctrl+direction or * direction to attack without moving.)
You cannot move. (Use ctrl+direction or * direction to attack without moving.)
You cannot move. (Use ctrl+direction or * direction to attack without moving.)
You cannot move. (Use ctrl+direction or * direction to attack without moving.)
You feel very mighty all of a sudden.
The orc wizard hits you but does no damage.
You attack the rock wall.
The orc wizard hits you but does no damage.
You miss the orc wizard.
You feel less wooden.
The orc wizard hits you with a +0 dagger.
* * * LOW HITPOINT WARNING * * *
The orc wizard hits you with a +0 dagger.
* * * LOW HITPOINT WARNING * * *
You're too confused to attack without stumbling around!
You're too confused to attack without stumbling around!
You're too confused to attack without stumbling around!
You're too confused to attack without stumbling around!
You're too confused to attack without stumbling around!
You're too confused to attack without stumbling around!
You're too confused to attack without stumbling around!
You're too confused to attack without stumbling around!
You're too confused to attack without stumbling around!
Okay, then.
You're too confused to move!
The orc wizard mumbles some strange words.
The orc wizard flickers and vanishes!
Deactivating autopickup; reactivate with Ctrl-A.
You miss something. Something hits you.
* * * LOW HITPOINT WARNING * * *
Unknown command.
Unknown command.
It was a potion of flight.
You feel very buoyant.
You fly up into the air.
You feel less confused. Something hits you.
You die...

..#........####.##
###........# #.#
#.........# #.#
#.........# #.#
##.........# #.#
...........# #.#
....######## #.#
....###########.########
................@{oo...(
###...#########.#######:
+...+ #.# #...# #.# .
###.# ..# ............#
#.# ...##.......# #.# ..
#...!...# #. . ...######


You could see 2 orcs.

Vanquished Creatures
  An orc (D:2)
  3 ball pythons
  4 bats
  3 endoplasms
  3 giant cockroaches (D:1)
  4 goblins
  5 hobgoblins (D:1)
  A quokka (D:1)
  3 frilled lizards (D:1)
  2 kobolds (D:1)
  4 rats (D:1)
33 creatures vanquished.

Vanquished Creatures (others)
  An orc wizard (D:2)
1 creature vanquished.

Grand Total: 34 creatures vanquished

Notes
Turn   | Place    | Note
-------+----------+-------------------------------------------
     0 | D:1      | garrulousMonolith the Octopode Fighter began the quest for
                  | the Orb.
     0 | D:1      | Reached XP level 1. HP: 16/16 MP: 1/1
    83 | D:1      | Reached XP level 2. HP: 21/21 MP: 2/2
   102 | D:1      | Reached skill level 1 in Stealth
   254 | D:1      | Reached XP level 3. HP: 26/26 MP: 3/3
   710 | D:2      | HP: 1/26 [something (4)]
   711 | D:2      | Slain by an orc wizard

Illustrated notes

Levels and vault maps discovered:
D:1:      dpeg_arrival_windows_large_door, layout_rooms
D:2:      cheibrodos_helix_gallery, layout_basic, minivault_19,
          uniq_crazy_yiuf_cottage

Skill      XL: |  1  2 |
---------------+-------+-----
Stealth        | 1 |  1.5
Fighting       | |  3.3
Polearms       | |  2.6
Dodging        | |  3.2
Shields        | |  3.2

Action                   || total
-------------------------++-------
Melee: Trident           ||    70
       Constrict         ||    11
       Tentacles         ||     8
Throw: Dart              ||     8
  Use: Potion            ||     3
 Stab: Sleeping          ||     9
Armor: Skin              ||    16
Dodge: Dodged            ||    16
Block: Kite shield       ||    21
